 Dungeon Crawl Stone Soup version 0.18.1-48-g4cf74bf (webtiles) character file.

126 Gargoyl the Skirmisher (level 4, -6/36 HPs)
             Began as a Demonspawn Abyssal Knight on Aug 12, 2016.
             Was a Believer of Lugonu.
             Mangled by an ogre
             ... wielding a cursed +0 giant spiked club
              (21 damage)
             ... on level 3 of the Dungeon.
             The game lasted 00:06:37 (3401 turns).

Gargoyl the Skirmisher (Demonspawn Abyssal Knight)  Turns: 3401, Time: 00:06:38

Health: -6/36      AC:  7    Str: 19    XL:     4   Next: 84%
Magic:  5/5        EV: 11    Int: 13    God:    Lugonu [**....]
Gold:   268        SH:  0    Dex: 12    Spells: 0 memorised, 3 levels left

rFire  . . .     SeeInvis .     d - +0 broad axe
rCold  . . .     Gourm    .     t - +0 ring mail
rNeg   . . .     Faith    .     (no shield)
rPois  .         Spirit   .     (no helmet)
rElec  .         Dismiss  .     j - +0 cloak
rCorr  .         Reflect  .     (no gloves)
SustAt .         Harm     .     m - +0 pair of boots
MR     .....                    (no amulet)
Stlth  +.........               (no ring)
                                (no ring)

@: mighty, not resistant to hostile enchantments, very unstealthy
A: talons 1
a: Depart the Abyss, Bend Space, Renounce Religion


You were on level 3 of the Dungeon.
You worshipped Lugonu.
Lugonu was pleased with you.
You were not hungry.

You visited 1 branch of the dungeon, and saw 4 of its levels.
You visited the Abyss 1 time.

You collected 268 gold pieces.

Inventory:

Hand Weapons
 d - a +0 broad axe (weapon)
 i - a +0 spear
Armour
 j - a +0 cloak (worn)
 m - a +0 pair of boots (worn)
 t - a +0 ring mail (worn)
Scrolls
 b - a scroll of enchant armour {unknown}
 f - a scroll of enchant weapon {unknown}
 h - a scroll of identify
 q - a scroll of teleportation
Potions
 e - a potion of heal wounds {unknown}
 k - a potion of cancellation {unknown}
 p - a potion of agility {unknown}
 s - a potion of lignification {unknown}
Comestibles
 a - a meat ration
 c - 5 bread rations
 g - a chunk of flesh
 o - a beef jerky


   Skills:
 + Level 3.6 Fighting
 + Level 2.4 Axes
 * Level 2.8 Armour
 + Level 2.3 Dodging
 + Level 0.4 Stealth
 + Level 2.6 Invocations


You had 3 spell levels left.
You didn't know any spells.

Dungeon Overview and Level Annotations

Branches:
Dungeon (4/15)
 Temple: D:4-7

Altars:
Makhleb
Okawaru
Xom


Innate Abilities, Weirdness & Mutations

You have sharp toenails.


Message History

The ogre hits you with a giant spiked club!!
Ouch! That really hurt!
The worker ant barely misses you.
There is a stone staircase leading up, spattered with blood here.
The worker ant barely misses you.
The ogre hits you with a giant spiked club!
* * * LOW HITPOINT WARNING * * *
You climb upwards.
There is a stone staircase leading down here.
Drink which item? (? for menu, Esc to quit)
You feel better. The worker ant closely misses you.
The ogre hits you with a giant spiked club.
* * * LOW HITPOINT WARNING * * *
The worker ant barely misses you.
Drink which item? (? for menu, Esc to quit)
You feel better. The worker ant closely misses you.
You closely miss the ogre. You completely miss the worker ant.
The ogre hits you with a giant spiked club!!
Ouch! That really hurt!
You die...

############..####.#.#
...#########..####.#.###### ####
..........................# #...
...####..........#.#.####.# #.#.
........#......#.#......#.# #.#.
##.##.#.#.####.....#.##.#.# #.#.
#.##...#.# #....##.##.#.# #.#.
##.######.#####.........#.# #.#.
...............a@.#..####.# #.#.
##.######.######.O#..# #.# #.#.
##...................# #.####.#.
..#######.######.##.[####.#....#.
### #.# #......##..#.####. #
#.######.###.###.........
#########................##.#####
..........##############.##.#
.########## #.##.#


You could see an ogre and a worker ant.

Vanquished Creatures
  5 adders (D:3)
  2 worms
  3 dart slugs
  3 giant geckos (D:3)
  An orc (D:3)
  3 giant cockroaches
  7 goblins
  8 hobgoblins
  2 jackals (D:3)
  7 kobolds
  2 quokkas (D:3)
  2 ball pythons (D:3)
  9 bats
  4 giant newts
  7 rats
65 creatures vanquished.

Notes
Turn   | Place    | Note
--------------------------------------------------------------
     0 | Abyss:1  | Gargoyl the Demonspawn Abyssal Knight began the quest for the Orb.
     0 | Abyss:1  | Reached XP level 1. HP: 18/18 MP: 2/2
    19 | Abyss:2  | Noticed a fire elemental
    19 | Abyss:2  | Noticed a water elemental
    20 | Abyss:2  | Found a corrupted altar of Lugonu.
    31 | D:1      | Escaped the Abyss
   303 | D:1      | You fall through a shaft!
   324 | D:1      | Gained mutation: You have sharp toenails. [demonic ancestry]
   324 | D:1      | Reached XP level 2. HP: 24/24 MP: 3/3
   458 | D:1      | Reached * piety under Lugonu
   886 | D:1      | Reached skill level 1 in Dodging
   977 | D:2      | Found a shimmering altar of Xom.
   977 | D:2      | Found a burning altar of Makhleb.
  1020 | D:2      | Reached XP level 3. HP: 27/29 MP: 4/4
  1040 | D:2      | Found an iron altar of Okawaru.
  2019 | D:3      | Reached ** piety under Lugonu
  2019 | D:3      | Reached XP level 4. HP: 11/36 MP: 5/5
  3369 | D:4      | Noticed an ogre
  3371 | D:4      | Noticed an ogre
  3401 | D:3      | Mangled by an ogre

Skill      XL: |  1  2  3 |
---------------+----------+-----
Axes           | 2 |  2.4
Armour         | 2 |  2.8
Dodging        | 1 2 |  2.3
Fighting       | |  3.6
Stealth        | |  0.4
Invocations    | |  2.6

Action                   |  1- 3 |  4- 6 || total
-------------------------+-------+-------++-------
Melee: Broad axe         |   128 |    80 ||   208
       Kick              |     2 |       ||     2
Invok: Depart the Abyss  |     1 |       ||     1
  Use: Scroll            |     9 |     2 ||    11
       Potion            |       |     5 ||     5
 Stab: Sleeping          |     2 |       ||     2
  Eat: Chunk             |     4 |     2 ||     6
       Fruit             |       |     3 ||     3
Armor: Leather armour    |    52 |       ||    52
       Ring mail         |    22 |    29 ||    51
Dodge: Dodged            |   126 |    77 ||   203
